 Dungeon Crawl Stone Soup version 0.24.0-123-gd5b16e6ec5 (webtiles) character file.

Game seed: 11620284211836347225, levelgen mode: deterministic

60 Kobolds4U the Sneak (level 3, 0/16 HPs)
             Began as a Spriggan Conjurer on Dec 21, 2019.
             Succumbed to an adder's poison
             ... on level 2 of the Dungeon.
             The game lasted 00:05:18 (1780 turns).

Kobolds4U the Sneak (Spriggan Conjurer)             Turns: 1780, Time: 00:05:19

Health: 0/16       AC:  2    Str:  5    XL:     3   Next: 82%
Magic:  7/8        EV: 18    Int: 21    God:
Gold:   108        SH:  0    Dex: 16    Spells: 4/7 levels left

rFire    . . .     SeeInvis +   e - +0 short sword
rCold    . . .     Gourm    .   (shield restricted)
rNeg     . . .     Faith    .   a - +0 robe
rPois    .         Spirit   .   (helmet restricted)
rElec    .         Reflect  .   (no cloak)
rCorr    .         Harm     .   (gloves unavailable)
MR       .....                  (boots unavailable)
Stlth    +++.......             (no amulet)
HPRegen  0.05/turn              (no ring)
MPRegen  0.11/turn              (no ring)

@: brilliant, lethally poisoned (0 -> -3), very quick
A: very small, unfitting armour, see invisible, herbivore, speed 3, slow
metabolism 2
a: no special abilities


You were on level 2 of the Dungeon.
You were not hungry.

You visited 1 branch of the dungeon, and saw 2 of its levels.

You collected 108 gold pieces.

Inventory:

Hand Weapons
 e - a +0 short sword (weapon)
Armour
 a - a +0 robe (worn)
Scrolls
 f - 3 scrolls of remove curse
 g - 3 scrolls of amnesia
 i - 2 scrolls of immolation
Comestibles
 c - 5 rations


   Skills:
 - Level 3.0 Dodging
 + Level 6.6 Stealth
 - Level 2.6 Spellcasting
 - Level 2.9 Conjurations


You had 4 spell levels left.
You knew the following spells:

 Your Spells              Type           Power        Failure   Level  Hunger
a - Magic Dart            Conj           ####         1%          1    None
b - Searing Ray           Conj           ####..       1%          2    ##.....

Your spell library contained the following spells:

 Spells                   Type           Power        Failure   Level  Hunger
 Dazzling Spray           Conj/Hex       ###...       2%          3    ###....
 Iskenderun's Mystic Bla  Conj           ####....     4%          4    ####...
 Force Lance              Conj/Tloc      ###.....     9%          4    ####...
 Fulminant Prism          Conj/Hex       ###.......   9%          4    ####...


Dungeon Overview and Level Annotations

Branches:
Dungeon (2/15)

Altars:
Zin


Innate Abilities, Weirdness & Mutations

You are very small and have problems with some larger weapons.
You are too small for most types of armour.
You have supernaturally acute eyesight. (SInv)
You are a herbivore.
You cover ground extremely quickly.
You need to consume almost no food.


Message History

* * * LOW HITPOINT WARNING * * *
You feel sick.
As you read the scroll labeled GEGO KEKLIRIGH, it crumbles to dust.
You feel aware of your surroundings.
It was a scroll of magic mapping.
* * * LOW HITPOINT WARNING * * *
You feel sick.
You aren't carrying any potions.
You aren't carrying any potions.
A rat comes into view.
The helpless rat fails to defend itself.
You puncture the rat!
You kill the rat!
* * * LOW HITPOINT WARNING * * *
You feel sick.
A bat comes into view.
Found a robe.
The bat closely misses you.
You hit the bat.
You kill the bat!
You die...

#.## *****
#....# ...#
*...###.####
#..#
*,#.......##
#..#
#...#####..#
[..####,**
##.#
###.##*,* #.#
* ##.#*,*
#.## #.#*,*
#..# #
##.#*,* ##@#
###.##*,* #.#
...## *,*
*****#.#*****
##.# *,*
*,*,*...*,*,*
w..#***,*
**,*,.#[,*,**
##......#
*,*,.#*#.,*,*
#.######
**,,#*,*#,,**
#.#
*,,**,,,**,,*
##.#
*,**,,,,,**,*


There were no monsters in sight!

Vanquished Creatures
  3 adders (D:2)
  A worm (D:2)
  A leopard gecko (D:2)
  8 bats
  3 giant cockroaches
  3 goblins
  2 hobgoblins (D:1)
  A quokka (D:2)
  A frilled lizard (D:1)
  2 kobolds (D:1)
  7 rats
32 creatures vanquished.

Vanquished Creatures (others)
  A worm (D:2)
  A hobgoblin (D:2)
  A goblin (D:2)
3 creatures vanquished.

Grand Total: 35 creatures vanquished

Notes
Turn   | Place    | Note
-------+----------+-------------------------------------------
     0 | D:1      | Kobolds4U the Spriggan Conjurer began the quest for the
                  | Orb.
     0 | D:1      | Reached XP level 1. HP: 9/9 MP: 5/5
   270 | D:1      | Reached skill level 4 in Stealth
   291 | D:1      | Reached XP level 2. HP: 13/13 MP: 3/6
   295 | D:1      | Learned a level 2 spell: Searing Ray
  1016 | D:2      | Reached skill level 5 in Stealth
  1460 | D:2      | Reached XP level 3. HP: 16/16 MP: 8/8
  1623 | D:2      | Found a glowing silver altar of Zin.
  1697 | D:2      | Reached skill level 6 in Stealth
  1780 | D:2      | Succumbed to an adder's poison

Levels and vault maps discovered:
D:1:      dpeg_arrival_tiny_a, layout_loops_ring
D:2:      minmay_diamond_boxcup, layout_loops_ring, overflow_temple_1_default,
          lemuel_old_faithful

Skill      XL: |  1  2  3 |
---------------+----------+-----
Stealth        | 4 5 6 |  6.6
Dodging        | |  3.0
Spellcasting   | |  2.6
Conjurations   | |  2.9

Action                   || total
-------------------------++-------
Melee: Short sword       ||    78
 Cast: Magic Dart        ||    14
       Searing Ray       ||     1
  Use: Scroll            ||     4
       Potion            ||     1
 Stab: Sleeping          ||    13
       Distracted        ||     1
Armor: Robe              ||    20
Dodge: Dodged            ||    87
